[Event "Germany Countries-chT Youth 2022"]
[Site "Wiesbaden"]
[Date "2022.10.02"]
[Round "3"]
[White "Bosselmann, Tom Linus"]
[Black "Schneider, Jana"]
[Result "1/2-1/2"]
[ECO "C36"]
[WhiteElo "2061"]
[BlackElo "2323"]
[Annotator "TA"]
[PlyCount "101"]
[EventDate "2022.09.28"]
[EventType "team-tourn"]
[EventRounds "7"]
[EventCountry "GER"]
[SourceTitle "playchess.com"]
[Source "ChessBase"]
[SourceQuality "1"]
[TimeControl "40/5400+30:1800+30"]

1. e4 e5 2. f4 exf4 3. Nf3 d5 4. exd5 Nf6 5. Bb5+ c6 6. dxc6 Nxc6 7. d4 Bd6 8. O-O O-O 9. Nbd2 {[%emt 0:01:31] 9.c3 is more fashionable.} Bc7 {[%emt 0:10:40] C36: King's Gambit Accepted: 3 Nf3 d5.} 10. c3 Bg4 11. Bd3 Re8 12. Re1 Qd5 {[%emt 0:03:51] [#]} 13. Rxe8+ $146 ({Predecessor:} 13. Qb3 Qxb3 14. axb3 Bxf3 15. Nxf3 Rxe1+ 16. Nxe1 g5 17. Bd2 Bb6 18. b4 Ne5 19. Bf5 {1-0 (41) Kosmo,S (2186)-Varnam,L (2089) Porto Carras 2018}) 13... Rxe8 14. Qb3 Bb6 15. Qxd5 Nxd5 16. Ne4 Re7 17. Bd2 (17. Kf2 {seems wilder.} f6 18. a4 Kf8 19. Bd2) 17... h6 18. Re1 Bxf3 19. gxf3 g5 (19... Rd7 $16) 20. Kg2 (20. Nd6 $18) 20... Bc7 (20... Kf8 $142) 21. b4 (21. h4 $142 $1) 21... Kg7 22. b5 Nd8 23. c4 Nf6 (23... Ne3+ $16 24. Bxe3 fxe3) 24. Bb4 $18 Rd7 (24... Ng8 $142 25. Bxe7 Nxe7 26. Nxg5 Nc8) 25. Nxf6 Kxf6 26. Bc3 {[%emt 0:00:30] Threatening mate with d5+.} Re7 27. d5+ Be5 28. Bb4 $2 (28. Rxe5 Rxe5 29. c5) 28... Rd7 29. Be4 $2 (29. Bf8 $18 {and White stays clearly on top.}) 29... b6 $16 30. c5 (30. d6 $14) 30... bxc5 $11 31. Bxc5 Rc7 32. Bf2 Ke7 $2 (32... Rc4 $1 $11) 33. b6 ({Better is} 33. a4 $18) 33... axb6 $14 34. Bxb6 Rd7 {[%emt 0:00:30] [#]} (34... Rc3 $1 $14) 35. Bc5+ (35. a4 $1 $18 ) 35... Kf6 $16 {[%emt 0:00:30] [#]} 36. Rb1 (36. a4 $1 $16) 36... Nb7 $1 $11 37. Rb6+ Kg7 38. Bb4 {[%emt 0:00:30] Bf5 is the strong threat. A strong pair of Bishops.} Nd6 {[%emt 0:00:30] Against Bf5} 39. Bd3 Nc8 40. Rb5 Ne7 41. d6 Bxd6 42. Bc3+ f6 {[%emt 0:00:30][%cal Od6e5] White must now prevent ...Be5!} 43. Be4 Ra7 (43... Rc7 $5 44. Bd4 Rc4 $15) 44. Ra5 (44. Rb6 $5 Rxa2+ 45. Kh3 $15) 44... Rc7 45. Bb2 Kf7 46. a4 {[%emt 0:00:30] The position is equal.} f5 47. Bd3 Ke6 48. Rb5 Nd5 49. Bxf5+ {[%emt 0:00:30][%mdl 64] Decoy} Kxf5 50. Rxd5+ Ke6 51. Rb5 {[%emt 0:00:30] Black defended with fortune.  Weighted Error Value: White=0.35/Black=0.33} 1/2-1/2

[Event "Germany Countries-chT Youth 2022"]
[Site "Wiesbaden"]
[Date "2022.10.02"]
[Round "3"]
[White "Koll, Linus"]
[Black "Pikalow, Michael"]
[Result "1-0"]
[ECO "B28"]
[WhiteElo "2060"]
[BlackElo "2037"]
[Annotator "TA"]
[PlyCount "140"]
[EventDate "2022.09.28"]
[EventType "team-tourn"]
[EventRounds "7"]
[EventCountry "GER"]
[SourceTitle "playchess.com"]
[Source "ChessBase"]
[SourceQuality "1"]
[TimeControl "40/5400+30:1800+30"]

1. e4 c5 2. Nf3 a6 3. c3 g6 4. d4 cxd4 5. cxd4 d5 6. e5 {[%emt 0:02:39] B28: Sicilian: 2 Nf3 a6 (O'Kelly Variation).} Bg4 {[%emt 0:00:07] 6...Nc6 is more advanced technology.} 7. Be2 Bxf3 8. Bxf3 {[%emt 0:03:52] The position is equal.} (8. gxf3 Nc6 $15) 8... e6 {[%emt 0:00:07] [#]} 9. Nd2 $146 ({Predecessor:} 9. O-O Nc6 10. Be3 Nge7 11. g4 h5 12. h3 hxg4 13. hxg4 g5 14. Qd2 Ng6 15. Nc3 {½-½ (52) Kozak,A (2061)-Jarzebowski,K (1926) Szczyrk 2017}) 9... Qb6 10. Nb3 a5 11. a4 Bb4+ 12. Kf1 Nc6 13. Be2 h5 14. Qd3 Nge7 15. Qb5 Qa7 16. Bg5 Nf5 17. Bf6 (17. Rd1 $15 {is superior.}) 17... Rg8 (17... O-O $17 18. Rd1 Nfxd4 19. Nxd4 Nxd4) 18. Rd1 Rc8 19. h3 h4 $1 20. Bg4 Be7 $1 21. Bxe7 Kxe7 22. Bxf5 gxf5 23. Rg1 Rg6 24. Ke2 Nb4 (24... f6 $15 25. exf6+ Kxf6) 25. Qxa5 (25. Nc5 b6 26. Nd3 Rc4 $17) 25... Qxa5 26. Nxa5 b6 27. Nb3 Ra8 28. Ra1 Rgg8 29. a5 (29. Rgc1 {is interesting.} Kd7 30. Kf3 Nd3 31. Rc2) 29... bxa5 30. Rxa5 Rxa5 31. Nxa5 $11 {[%emt 0:00:03][%mdl 4096] Endgame KRN-KRN} Rc8 32. Rd1 f6 33. Nb3 fxe5 34. dxe5 Nc6 $1 (34... Rc2+ 35. Rd2 $14) 35. Rc1 Kd8 $2 (35... Rb8 $1 $11 {and Black is okay.}) 36. Nc5 $18 Ke7 37. Nd3 Kd7 38. Nc5+ $2 (38. Kf3 $18) 38... Ke7 $11 39. Nd3 (39. f4 $11) 39... Kd7 $1 $16 40. Ke3 Rg8 (40... d4+ $16 41. Kd2 Rb8) 41. b4 $18 Rxg2 $2 (41... Rb8 42. Nc5+ Ke7) 42. b5 Na5 43. Ra1 Nc4+ (43... Nb7 {keeps fighting.} 44. Nf4 Rg8) 44. Kd4 Rh2 45. Ra7+ Kc8 46. Nf4 (46. Ra6 $18 {and White stays clearly on top.}) 46... Rxf2 $16 47. Nxe6 Rd2+ 48. Kc5 $1 Nxe5 49. Rh7 Nd7+ $2 (49... Rc2+ $16 50. Kxd5 Ng6) 50. Kd6 $18 Nf6 {[%emt 0:00:28] [#]} 51. Rxh4 (51. Rh8+ $1 $18 {is the precise move to win.} Kb7 52. Nc5+ Kb6 53. Rb8+ Ka5 54. Nb3+ Kb4 55. Nxd2) 51... Kb7 $16 52. Rh6 Ne4+ 53. Ke5 Rb2 54. Nd4 ({Much weaker is} 54. Kxd5 Rxb5+ 55. Kd4 Kc6 $11) 54... Nc3 55. Nxf5 {[%emt 0:00:44] aiming for Nd6+.} (55. b6 {seems wilder.} Na4 56. Rh7+ Kxb6 57. h4) 55... Nxb5 56. Kxd5 Nc3+ 57. Kd4 Ne2+ 58. Ke3 {[%emt 0:00:16] Strongly threatening h4.} Kc7 59. h4 Rb5 60. Ke4 ({Much worse is} 60. Kxe2 Rxf5 61. Rh8 Kd6 $11) 60... Rb4+ 61. Ke3 Rb5 62. Rh7+ (62. Kxe2 Rxf5 63. Ke3 Kd7 $11) 62... Kd8 63. Ke4 {[%emt 0:00:11] White is more active.} ({Don't play} 63. Kxe2 Rxf5 64. h5 Ke8 $11) (63. Rf7 $14 Re5+ 64. Kf2) 63... Rb1 (63... Nc3+ $11 {keeps the balance.} 64. Kf4 Nd5+ 65. Kg3 Rb3+ 66. Kf2 Rb2+ 67. Kg3 Rb3+ 68. Kf2 Rb2+ 69. Kg3 Rb3+) 64. h5 {[%emt 0:00:25] And now h6 would win.} Ke8 {[%emt 0:00:30] [#]} (64... Nc3+ $16 65. Kd4 Ne2+ 66. Ke5 Rb5+ 67. Kf6 Rb6+ 68. Kf7 Rb7+ 69. Kg8 Rb5) 65. h6 $1 $18 {[%emt 0:00:07] Black must now prevent Re7+.} Kf8 $2 (65... Rh1 $18 66. Kf3 Rf1+ 67. Kxe2 Rxf5) 66. Ra7 {[%emt 0:01:02] White mates.} Rh1 67. h7 Nc3+ 68. Ke5 Re1+ 69. Kd4 Nb5+ 70. Kc4 Nd6+ {[%emt 0:00:14] Weighted Error Value: White=0.38/Black=0.32} 1-0

[Event "Germany Countries-chT Youth 2022"]
[Site "Wiesbaden"]
[Date "2022.10.02"]
[Round "3"]
[White "Haubold, Sebastian Marcel"]
[Black "Hecht, Jonas Christian"]
[Result "1-0"]
[ECO "B49"]
[WhiteElo "2039"]
[BlackElo "1852"]
[Annotator "TA"]
[PlyCount "75"]
[EventDate "2022.09.28"]
[EventType "team-tourn"]
[EventRounds "7"]
[EventCountry "GER"]
[SourceTitle "playchess.com"]
[Source "ChessBase"]
[SourceQuality "1"]
[TimeControl "40/5400+30:1800+30"]

1. e4 c5 2. Nf3 e6 3. d4 cxd4 4. Nxd4 Nc6 5. Nc3 Qc7 6. Be3 a6 7. Be2 b5 8. a3 Bb7 {[%emt 0:00:14] B48: Sicilian: Taimanov: 5 Nc3 Qc7 6 Be3 a6 without Be2.} 9. f4 Nf6 10. Bf3 d6 {[%emt 0:05:57] Prevents e5. White has an edge.} (10... e5 11. Nde2 Bd6) 11. g4 {[%emt 0:01:29][%cal Bg2g4,Bg4g5][%mdl 32] [#]} (11. f5 $5 ) 11... Na5 $146 ({Predecessor:} 11... Be7 12. g5 Nd7 13. Nxc6 Bxc6 14. Qe2 O-O 15. O-O Rfe8 16. Bg2 Qb7 17. b4 Nb6 {0-1 (35) Brenjo,S (2492)-Mijailovic,Z (2394) Kragujevac 2000}) 12. g5 Nc4 13. Bc1 Nd7 14. Nde2 (14. f5 exf5 15. exf5) 14... Rd8 (14... O-O-O {with more complications.} 15. b3 d5 16. exd5 Nd6) 15. b3 Ncb6 16. Be3 Nc5 17. O-O d5 $1 18. e5 Ne4 19. Bxe4 dxe4 20. Qc1 (20. Qe1 $142) 20... Bc5 21. Kf2 O-O (21... Be7 $17 {aiming for ...h6.} 22. Rg1 h6 23. gxh6 g6) 22. Rg1 (22. Bxc5 $1 $11 Qxc5+ 23. Qe3) 22... Bxe3+ 23. Qxe3 Nd5 $1 24. Nxd5 Rxd5 25. Nd4 $2 {[%emt 0:04:54][%mdl 8192] [#]} (25. Rac1 $17 {is more resistant.}) 25... Rc8 $2 (25... Rxd4 $1 $19 26. Qxd4 Rd8) 26. Rg3 $11 a5 {[%emt 0:02:59] Hoping for ...Qd8.} (26... Qd8 $5 27. c3 $8 Rdc5 $11) 27. c3 $1 Qb6 28. Ne2 {[%emt 0:03:12] [#]} (28. b4 $11) 28... Qc7 (28... Qd8 $1 $17 {...Rd3 is the strong threat.} 29. Qxe4 Rd7) 29. Nd4 Qc5 30. b4 $36 {[%emt 0:00:47][%mdl 2048] White has some pressure.} Qa7 {[%emt 0:01:44] Threatens to win with ...axb4.} 31. Re1 axb4 32. axb4 Qa3 33. Rh3 g6 34. Rg3 {[%emt 0:00:44] Active counter play!} Kg7 35. h4 Rxc3 $2 36. Qxc3 $18 {[%emt 0:00:06] White is clearly winning.} Qxc3 37. Nxe6+ $1 ({Weaker is} 37. Rxc3 Rxd4 38. Rb1 Rd2+ 39. Ke3 Rh2 $16) 37... fxe6 38. Rxc3 {[%emt 0:00:04] Never resign too early!  Weighted Error Value: White=0.38/Black=0.64} 1-0

[Event "Germany Countries-chT Youth 2022"]
[Site "Wiesbaden"]
[Date "2022.10.02"]
[Round "3"]
[White "Kempe, Caius Emilian"]
[Black "Campora, Daniel H."]
[Result "1-0"]
[ECO "D20"]
[WhiteElo "2030"]
[BlackElo "2344"]
[Annotator "TA"]
[PlyCount "171"]
[EventDate "2022.09.28"]
[EventType "team-tourn"]
[EventRounds "7"]
[EventCountry "GER"]
[SourceTitle "playchess.com"]
[Source "ChessBase"]
[SourceQuality "1"]
[TimeControl "40/5400+30:1800+30"]

1. d4 d5 2. c4 dxc4 3. e3 e5 4. Bxc4 exd4 5. Qb3 Qe7 6. Nf3 {[%emt 0:00:27] D20: Queen's Gambit Accepted: 3 e3 and 3 e4.} Qb4+ $1 7. Bd2 Qxb3 8. Bxb3 {[%emt 0:00:01] The position is equal.} dxe3 9. Bxe3 Bb4+ 10. Nc3 Nf6 11. O-O O-O 12. Nb5 Na6 13. a3 {[%emt 0:07:33] [#]} Be7 $146 ({Predecessor:} 13... Ba5 14. Nxa7 Bf5 15. Bc4 Ng4 16. Nb5 Nxe3 17. fxe3 Rae8 18. Nbd4 Be4 19. Rf2 Bg6 {0-1 (49) Karasev,V (1788)-Hjorth,J (1913) ICCF email 2019}) 14. Bf4 Nc5 15. Ba2 Bf5 16. Rfe1 Nfe4 17. Nxc7 Nd3 {[%emt 0:04:08] Black is on the road to losing.} (17... Rad8 $14) 18. Nxa8 $16 {[%emt 0:01:12] [#] Threatens to win with Nc7.} Rxa8 19. Bd5 Nf6 20. Bxb7 ({Stronger than} 20. Rxe7 Nxd5 21. Re5 Nxe5 22. Bxe5 Bg4 $11) 20... Re8 21. Nd4 Nxe1 (21... Bd7 $16) 22. Rxe1 (22. Nxf5 $18 Bc5 23. Ba6) 22... Be4 $2 (22... Bd6 $16 23. Rxe8+ Nxe8) 23. Bxe4 $18 Bc5 {[%emt 0:00:02] [#]} 24. Bxh7+ $1 Kxh7 25. Rxe8 Nxe8 {[%emt 0:00:01][%mdl 4096] Endgame KBN-KBN} 26. Nc6 Kg6 27. b4 Bb6 28. a4 {[%emt 0:00:58] Black must now prevent a5.} Kf5 29. Bg3 a6 30. Kf1 Ke6 31. Ke2 Kd5 32. Ne5 f6 $2 (32... Nd6 33. Kd3 Ne4 34. Nxf7 Bxf2) 33. Nd7 Ba7 34. Kd3 {[%emt 0:00:12] Hoping for b5.} Kc6 35. Nf8 Nd6 36. f3 Nf5 37. Be1 g5 (37... Ne7 $142 38. Ne6 g6) 38. Bc3 Nh4 39. Bxf6 Nxg2 40. Bxg5 Ne1+ 41. Ke2 Nc2 42. b5+ axb5 43. axb5+ Kxb5 44. Kd3 Nb4+ (44... Nd4 $142 45. f4 Bc5) 45. Ke4 Kc6 46. h4 Bc5 47. Ne6 Bd6 48. h5 Kd7 49. Kf5 Nc6 50. Ng7 (50. h6 $142 Ba3 51. h7) 50... Ne5 51. f4 Nf7 52. h6 Nxh6+ 53. Bxh6 Bxf4 54. Bxf4 Kc6 55. Ke5 Kc5 56. Ne6+ Kc4 57. Be3 Kd3 58. Bd4 Ke2 59. Ke4 Kf1 60. Nf4 Ke1 61. Kd3 Kf1 62. Bc5 Ke1 63. Ke3 Kf1 64. Bb4 Kg1 65. Kf3 Kh1 66. Nh3 Kh2 67. Nf2 Kg1 68. Bd6 Kf1 69. Bh2 Ke1 70. Ne4 Kf1 71. Nd2+ Ke1 72. Ke3 Kd1 73. Kd3 Ke1 74. Bg3+ Kd1 75. Nc4 Kc1 76. Bd6 Kd1 77. Bg3 Kc1 78. Bh4 {[%emt 0:00:00] White mates.} Kd1 79. Nb2+ Kc1 80. Kc3 Kb1 81. Kb3 Kc1 82. Bg5+ Kb1 83. Nc4 Ka1 84. Bf4 Kb1 85. Na3+ Ka1 86. Be5# {[%emt 0:00:00] Weighted Error Value: White=0.21 (precise) /Black=0.52} 1-0

[Event "Germany Countries-chT Youth 2022"]
[Site "Wiesbaden"]
[Date "2022.10.02"]
[Round "3"]
[White "Kocharin, Timur"]
[Black "Mader, Fabian"]
[Result "1-0"]
[ECO "B33"]
[WhiteElo "1971"]
[BlackElo "1735"]
[Annotator "TA"]
[PlyCount "67"]
[EventDate "2022.09.28"]
[EventType "team-tourn"]
[EventRounds "7"]
[EventCountry "GER"]
[SourceTitle "playchess.com"]
[Source "ChessBase"]
[SourceQuality "1"]
[TimeControl "40/5400+30:1800+30"]

1. e4 c5 2. Nf3 Nc6 3. d4 cxd4 4. Nxd4 Nf6 5. Nc3 e5 6. Ndb5 d6 7. Bg5 a6 8. Na3 b5 9. Bxf6 gxf6 10. Nd5 f5 11. g3 Bg7 12. exf5 Bxf5 13. Bg2 Rc8 14. c3 {[%emt 0:01:16] Against b4. B33: Sicilian: Pelikan and Sveshnikov Variations.} O-O 15. Nc2 {[%emt 0:01:23] Pair of Knights!} Ne7 16. Nxe7+ {[%emt 0:02:44] White is slightly better.} Qxe7 17. Ne3 Be6 18. Nd5 {[%emt 0:06:07] [#]} Bxd5 $146 ({Predecessor:} 18... Qa7 19. O-O f5 20. a4 bxa4 21. Rxa4 e4 22. Nf4 Bd7 23. Ra3 Be5 24. Qd2 Bb5 {½-½ (56) Fontaine,R (2449)-McShane,L (2480) Brussels 2000}) 19. Bxd5 Kh8 20. O-O f5 21. Qe2 f4 (21... Rb8 $14) 22. f3 Rf6 23. g4 Rh6 {[%emt 0:05:53] [#]} ({Black should play} 23... Rff8) 24. a4 $1 $16 Qd7 25. axb5 axb5 26. Qf2 {[%emt 0:02:40] Strongly threatening Ra7.} Bf6 (26... Qc7 $16 27. Ra7 Qc5 28. Qxc5 dxc5) 27. Ra7 $18 Rc7 28. Rxc7 Qxc7 29. Ra1 Bd8 30. Ra7 Qb6 {[%emt 0:08:39] Loses the game.} (30... Qc5 $16 {was worth a try.} 31. Qxc5 dxc5) 31. Ra8 {[%emt 0:01:39] White threatens Qxb6 and mate.} Kg7 {[%emt 0:00:39] [#]} 32. Qxb6 Bxb6+ 33. Kg2 Rf6 $2 (33... Kf6 $18 34. Rb8 Be3 35. Rxb5 Rg6) 34. Rg8+ {[%emt 0:00:12] Weighted Error Value: White=0.10 (very precise) /Black=0.64} 1-0

[Event "Germany Countries-chT Youth 2022"]
[Site "Wiesbaden"]
[Date "2022.10.02"]
[Round "3"]
[White "Möller, Maurin"]
[Black "Nizamova, Rita"]
[Result "1-0"]
[ECO "B22"]
[WhiteElo "1936"]
[BlackElo "1813"]
[Annotator "TA"]
[PlyCount "55"]
[EventDate "2022.09.28"]
[EventType "team-tourn"]
[EventRounds "7"]
[EventCountry "GER"]
[SourceTitle "playchess.com"]
[Source "ChessBase"]
[SourceQuality "1"]
[TimeControl "40/5400+30:1800+30"]

1. e4 c5 2. c3 Nf6 3. e5 Nd5 4. d4 cxd4 5. Nf3 dxc3 $2 {[%emt 0:01:00] [#]} 6. Qxd5 $18 {[%emt 0:00:07] B22: Sicilian: 2 c3.} cxb2 7. Bxb2 e6 8. Qe4 {[%emt 0:01:04] [#] White has a decisive advantage.} Qb6 $146 ({Predecessor:} 8... Nc6 9. Nc3 a6 10. Bd3 Be7 11. O-O b5 12. Rac1 Bb7 13. Qe2 h6 14. Rfd1 O-O {1-0 (30) Woodhouse,S (1740)-MacMillen,A (1714) ICCF email 2016}) 9. Bd4 Qb4+ 10. Nbd2 Nc6 11. Rb1 Qa5 12. Bd3 Bb4 13. a3 Qxa3 14. O-O Nxd4 15. Qxd4 Bxd2 (15... Bc5 16. Qe4 Be7) (15... Bc5 16. Qe4 Be7) 16. Nxd2 Qe7 17. Ne4 Kf8 18. Rfc1 g6 19. Rc7 Qa3 20. Nd6 {[%emt 0:01:22][%cal Od4h4] [#] Qh4! would kill now.} Kg7 21. Rbc1 Qb3 22. Bf1 (22. Qf4 $142 Rf8 23. Qf6+ Kg8 24. Nxf7 Qd1+ 25. Rxd1 Rxf7 26. Qg5 Kf8 27. Bc4) 22... b5 23. Qh4 {[%emt 0:00:23] White mates.} h5 24. Qf6+ Kh7 25. Qxf7+ Kh6 26. Qf4+ Kg7 27. Nxc8 Raxc8 28. Rxd7+ {[%emt 0:00:10] Black did not feel at home in the position after the opening.  Weighted Error Value: White=0.02 (flawless) /Black=0.92} 1-0

[Event "Germany Countries-chT Youth 2022"]
[Site "Wiesbaden"]
[Date "2022.10.02"]
[Round "3"]
[White "Feidt, Jonas"]
[Black "Heinrich, John"]
[Result "1-0"]
[ECO "A37"]
[WhiteElo "1908"]
[BlackElo "2139"]
[Annotator "TA"]
[PlyCount "75"]
[EventDate "2022.09.28"]
[EventType "team-tourn"]
[EventRounds "7"]
[EventCountry "GER"]
[SourceTitle "playchess.com"]
[Source "ChessBase"]
[SourceQuality "1"]
[TimeControl "40/5400+30:1800+30"]

1. c4 c5 2. g3 Nc6 3. Bg2 g6 4. Nf3 Bg7 5. Nc3 e6 6. O-O Nge7 7. d3 O-O 8. Rb1 d5 9. Bd2 {[%emt 0:02:52] A37: Symmetrical English vs ...g6: 4 Bg2 Bg7 5 Nf3.} b6 10. a3 d4 11. Na4 {[%emt 0:05:58] White has an edge.} Rb8 12. b4 Qd6 13. Qc2 Bd7 14. Rb2 {[%emt 0:11:34] [#]} Rfc8 $146 ({Predecessor:} 14... e5 15. Rfb1 Rbc8 16. bxc5 bxc5 17. Ng5 f5 18. Rb7 h6 19. Bd5+ Nxd5 20. cxd5 Nd8 21. Rxa7 hxg5 22. Bxg5 Qxd5 {0-1 (34) Van Klev,F (1788)-Stephan,M (1843) Osnabrueck 2012}) 15. Rfb1 cxb4 16. axb4 {[%emt 0:00:20] aiming for b5.} b5 17. Nc5 Be8 18. Ng5 {[%emt 0:02:47] White is more active.} bxc4 (18... Qd8 $16) 19. dxc4 $18 d3 (19... h6 $16) 20. exd3 Bxb2 (20... Nd4 $142 21. Qd1 Qb6) 21. Nge4 (21. Rxb2 Nxb4 22. Bxb4 Rxb4 $14) 21... Qd4 {[%emt 0:01:27] [#]} (21... Qe5) 22. Rxb2 ({Not} 22. Qxb2 Qxb2 23. Rxb2 f5 $18) 22... e5 23. Bc3 {[%emt 0:03:17] A strong pair of Bishops.} Qd8 24. Nf6+ Kg7 25. Nce4 {[%emt 0:00:25] f4 is the strong threat.} Ng8 (25... Nd4 {was necessary.} 26. Nxe8+ Qxe8 27. Bxd4 exd4) 26. Nd5 $2 {[%emt 0:00:46] [#]} (26. Nxe8+ $18 {is more deadly.} Qxe8 27. Nd6) 26... f6 $2 (26... Nd4 $16 27. Qd2 Bc6) 27. Ra2 $2 (27. f4 $18) 27... Ra8 $2 (27... Bf7 $14) 28. b5 Nd4 29. Bxd4 exd4 30. Qb2 Bf7 31. Nb4 ({Weaker is} 31. Qxd4 Bxd5 32. cxd5 Rc1+ 33. Bf1 Kh8 $16) 31... Ne7 $2 (31... a5) 32. Ra6 Rab8 33. Nd6 Rc7 34. Qxd4 {[%emt 0:00:37] White is clearly winning.} Rd7 35. Bh3 Nd5 36. Nc6 Qc7 37. Bxd7 Qxd6 38. Nxb8 {[%emt 0:00:15] White took control after the opening.  Weighted Error Value: White=0.43/Black=0.73} 1-0

[Event "Germany Countries-chT Youth 2022"]
[Site "Wiesbaden"]
[Date "2022.10.02"]
[Round "3"]
[White "Herrmann, Jakob"]
[Black "Semling, Johannes"]
[Result "1/2-1/2"]
[ECO "B20"]
[WhiteElo "1888"]
[BlackElo "1861"]
[Annotator "NA RC COMBH"]
[PlyCount "86"]
[EventDate "2022.09.28"]
[EventType "team-tourn"]
[EventRounds "7"]
[EventCountry "GER"]
[SourceTitle "playchess.com"]
[Source "ChessBase"]
[SourceQuality "1"]
[TimeControl "40/5400+30:1800+30"]

1. e4 c5 2. Ne2 Nf6 3. Nbc3 d6 4. d3 g6 5. h3 Bg7 6. Be3 Nc6 7. Qd2 O-O 8. g4 Rb8 9. a4 a6 10. Bg2 b5 11. axb5 axb5 12. O-O b4 13. Nd1 Bb7 14. f4 Ne8 15. f5 Nc7 $11 16. Bh6 f6 17. Bxg7 Kxg7 18. Ne3 g5 19. c3 bxc3 20. bxc3 Ba6 21. Nd5 Bc8 22. Nxc7 Qxc7 23. d4 Na5 24. Qa2 Nb3 25. Rab1 c4 26. Nc1 Nxc1 27. Rfxc1 Bd7 28. Bf1 Rxb1 29. Rxb1 Rc8 30. Qa6 d5 31. e5 Rb8 32. Rxb8 Qxb8 33. Qa3 Qd8 34. exf6+ Kxf6 35. Qa6+ Kg7 36. Bg2 Qc7 37. Qa3 Bc6 38. Qc1 Kf6 39. Qe3 Qd6 40. h4 h6 41. hxg5+ hxg5 42. Qh3 Kg7 43. Qh5 Qh6 1/2-1/2

[Event "Germany Countries-chT Youth 2022"]
[Site "Wiesbaden"]
[Date "2022.10.02"]
[Round "3"]
[White "Malinowsky, Levi"]
[Black "Stichter, Constantin Paul"]
[Result "1/2-1/2"]
[ECO "C11"]
[WhiteElo "1879"]
[BlackElo "1620"]
[Annotator "NA RC COMBH"]
[PlyCount "117"]
[EventDate "2022.09.28"]
[EventType "team-tourn"]
[EventRounds "7"]
[EventCountry "GER"]
[SourceTitle "playchess.com"]
[Source "ChessBase"]
[SourceQuality "1"]
[TimeControl "40/5400+30:1800+30"]

1. e4 e6 2. d4 d5 3. Nc3 Nf6 4. e5 Nfd7 5. f4 c5 6. Nf3 Nc6 7. Be3 a6 8. Qd2 b5 9. dxc5 Bxc5 10. Bxc5 Nxc5 11. Nd4 Bd7 12. Nxc6 Bxc6 13. Qd4 (13. Qf2 $5 Ne4 14. Nxe4 dxe4 15. Be2 $11) 13... Qe7 14. Bd3 b4 15. Ne2 Rb8 16. O-O O-O 17. Qe3 Rfe8 18. Nd4 Bd7 19. Rae1 $11 a5 20. f5 exf5 21. Bxf5 Ne6 22. Bxe6 fxe6 23. Rf4 Rf8 24. Ref1 Rxf4 25. Qxf4 Rc8 26. h4 a4 27. Kh2 Rf8 28. Qxf8+ Qxf8 29. Rxf8+ Kxf8 30. Kg3 Ke7 31. Kf4 h6 32. Ke3 Kd8 33. Ne2 Kc7 34. Kd4 Kc6 35. Nf4 Kb5 36. Nh5 Be8 37. Nxg7 Bf7 38. g4 a3 39. bxa3 bxa3 40. h5 Kc6 41. g5 hxg5 42. h6 Bg6 43. Nxe6 g4 44. Nf8 g3 45. Ke3 Bxc2 46. h7 Bxh7 47. Nxh7 d4+ 48. Kf3 d3 49. Ng5 g2 50. Nh3 Kd5 51. e6 Kxe6 52. Kxg2 Kd5 53. Kf2 Kc4 54. Nf4 Kc3 55. Ke3 Kb2 56. Kxd3 Kxa2 57. Kc2 Ka1 58. Nd3 a2 59. Nf4 1/2-1/2

[Event "Germany Countries-chT Youth 2022"]
[Site "Wiesbaden"]
[Date "2022.10.02"]
[Round "3"]
[White "Basovskiy, Jana"]
[Black "Mueller, Sophie Charlotte"]
[Result "1-0"]
[ECO "B06"]
[WhiteElo "1858"]
[BlackElo "1435"]
[Annotator "NA RC COMBH"]
[PlyCount "31"]
[EventDate "2022.09.28"]
[EventType "team-tourn"]
[EventRounds "7"]
[EventCountry "GER"]
[SourceTitle "playchess.com"]
[Source "ChessBase"]
[SourceQuality "1"]
[TimeControl "40/5400+30:1800+30"]

1. e4 d6 2. d4 g6 3. Nc3 Bg7 4. f4 Nd7 5. Nf3 c5 6. Be3 cxd4 7. Nxd4 Ngf6 8. Qd2 O-O 9. O-O-O Nc5 10. Bd3 a6 11. h3 (11. Nb3 $11) 11... Qc7 12. g4 b5 13. g5 Nfd7 14. Nd5 $1 Qd8 $2 (14... Qb7 15. Nxe7+ Kh8) 15. Nc6 $18 Qe8 16. Nc7 1-0

[Event "Germany Countries-chT Youth 2022"]
[Site "Wiesbaden"]
[Date "2022.10.02"]
[Round "3"]
[White "Guo, Philipp Ziming"]
[Black "Limmer, Marco"]
[Result "1-0"]
[ECO "C09"]
[WhiteElo "1851"]
[BlackElo "1704"]
[Annotator "NA RC COMBH"]
[PlyCount "67"]
[EventDate "2022.09.28"]
[EventType "team-tourn"]
[EventRounds "7"]
[EventCountry "GER"]
[SourceTitle "playchess.com"]
[Source "ChessBase"]
[SourceQuality "1"]
[TimeControl "40/5400+30:1800+30"]

1. e4 e6 2. d4 d5 3. Nd2 c5 4. exd5 exd5 5. Ngf3 Nc6 6. Bb5 Bd7 7. O-O Nf6 8. Re1+ Be7 9. dxc5 O-O 10. Nb3 a6 11. Bxc6 $16 Bxc6 12. Be3 Rc8 13. Ne5 Ba4 14. Nd3 Ne4 15. Nf4 Bxb3 16. axb3 Bxc5 17. Nxd5 Bxe3 18. Rxe3 Nf6 19. Ne7+ Kh8 20. Nxc8 Qxc8 21. Ra4 Rd8 22. Rd4 Rxd4 23. Qxd4 h6 24. c4 Qf5 25. Qd8+ Ng8 26. h3 Qb1+ 27. Kh2 Qf5 28. Qb8 Kh7 29. Rf3 Qd7 30. Qf4 Nf6 31. Qf5+ Qxf5 32. Rxf5 Kg6 33. Re5 Ng8 34. Re8 1-0